 Dungeon Crawl Stone Soup version 0.29.1 (webtiles) character file.

Game seed: 5989581601852553508

1423 RascalDebosk the Trooper (level 8, -1/63 (71) HPs)
             Began as a Hill Orc Fighter on Sept 12, 2022.
             Slain by a wight
             ... wielding a +0 halberd
              (6 damage)
             ... on level 5 of the Dungeon.
             The game lasted 00:21:04 (4093 turns).

RascalDebosk the Trooper (Hill Orc Fighter)         Turns: 4093, Time: 00:21:05

HP:   -1/63 (71)    AC: 13    Str: 21    XL:     8   Next: 72%
MP:   8/8           EV:  7    Int:  8    God:
Gold: 27            SH:  5    Dex: 16    Spells: 7/7 levels left

rFire   . . .      SeeInvis +   a - +0 war axe
rCold   . . .      Faith    .   c - +0 buckler
rNeg    . . .      Spirit   .   z - +0 chain mail
rPois   .          Reflect  .   (no helmet)
rElec   .          Harm     .   (no cloak)
rCorr   .          Rampage  .   f - +2 pair of gloves
Will    .....                   (no boots)
Stlth   ..........              D - amulet of regeneration
HPRegen 1.00/turn               v - ring of see invisible
MPRegen 0.11/turn               y - +6 ring of dexterity

@: heavily drained
A: no striking features
a: no special abilities


You were on level 5 of the Dungeon.
You visited 1 branch of the dungeon, and saw 5 of its levels.

You collected 327 gold pieces.
You spent 300 gold pieces at shops.

Inventory:

Hand Weapons
 a - a +0 war axe (weapon)
Missiles
 b - 6 poisoned darts
 k - 11 boomerangs (quivered)
Armour
 c - a +0 buckler (worn)
 f - a +2 pair of gloves (worn)
 z - a +0 chain mail (worn)
Jewellery
 r - a ring of fire
 v - a ring of see invisible (left hand)
 y - a +6 ring of dexterity (right hand)
 D - an amulet of regeneration (around neck)
Wands
 B - a wand of polymorph (13)
Scrolls
 g - 3 scrolls of fog {unknown}
 h - 2 scrolls of enchant armour {unknown}
 i - a scroll of poison {unknown}
 j - 2 scrolls of blinking {unknown}
 l - a scroll of noise {unknown}
 n - 3 scrolls of identify {unknown}
 p - 3 scrolls of immolation {unknown}
 q - 2 scrolls of vulnerability {unknown}
 u - 2 scrolls of teleportation {unknown}
Potions
 d - a potion of might
 e - 2 potions of cancellation {unknown}
 m - 4 potions of curing {unknown}
 o - 2 potions of invisibility {unknown}
 s - 3 potions of brilliance {unknown}
 t - 2 potions of heal wounds {unknown}
 w - 2 potions of haste {unknown}
 x - a potion of mutation {unknown}
 A - a potion of attraction {unknown}
 C - a potion of flight {unknown}


   Skills:
 + Level 6.6 Fighting
 + Level 6.5 Axes
 + Level 3.9 Throwing
 + Level 5.9 Armour
 - Level 4.0 Shields
 + Level 4.4 Evocations


You had 7 spell levels left.
You didn't know any spells.
Your spell library was empty.

Dungeon Overview and Level Annotations

Branches:
Dungeon (5/15)
 Temple: D:4-7

Altars:

Shops:
D:1 =


Message History

Things that are here:
a +3 dire flail; a +0 robe You hit the wight.
The wight is moderately damaged.
You closely miss the wight. The wight hits you with a +0 halberd!
You feel drained.
* * * LOW HITPOINT WARNING * * *
The wight hits you with a +0 trident.
* * * LOW HITPOINT WARNING * * *
You hit the wight.
The wight is heavily damaged.
You hit the wight but do no damage. The wight hits you but does no damage.
The wight hits you with a +0 trident.
* * * LOW HITPOINT WARNING * * *
You feel drained.
* * * LOW HITPOINT WARNING * * *
You slice the wight!!
You destroy the wight!
You hit the wight but do no damage. The wight hits you with a +0 halberd.
* * * LOW HITPOINT WARNING * * *
You feel drained.
You hit the wight.
The wight is moderately damaged.
The wight hits you but does no damage.
You closely miss the wight.
The wight is moderately damaged.
The wight barely misses you. The wight hits you with a +0 halberd.
* * * LOW HITPOINT WARNING * * *
You closely miss the wight.
The wight is lightly damaged.
The wight barely misses you.
You barely miss the wight.
The wight is lightly damaged.
The wight hits you with a +0 halberd!
* * * LOW HITPOINT WARNING * * *
Unknown command.
You hit the wight.
The wight is moderately damaged.
The wight hits you with a +0 halberd.
You die...

...........# #.#.##.# #.#..#.#.#.
...........# #.#.##.# #.#..#.#.#.
...........# #.#.##.###.#..#.#.#.
###..###.#.###...............#...
###............#.##.#####..#.#...
.##.................# #..#.#...
.##.##.#.#####.#.#### #..#.....
...)......# ...#.########..#.....
.##.##.#..####.#@).....#.........
...............)z................
..........####.........###.#.#..#
....##.#..# #...................
.#..##....# #....<...##........#
..........# #........##.###.#..#
.#).###.#.# #........... ......#
.#.<# .# ....................
........... ..........


You could see a wight.

Vanquished Creatures
  Pikel (D:4)
  Sigmund (D:4)
  2 ogres
  3 wights (D:5)
  A hound (D:5)
  An orc priest (D:4)
  2 iguanas
  Natasha (thrice) (D:3)
  3 orc wizards (D:4)
  3 gnolls
  6 adders
  2 worms (D:2)
  A dart slug (D:4)
  14 orcs
  7 endoplasms
  A giant cockroach (D:3)
  8 goblins
  5 hobgoblins
  3 jackals (D:1)
  4 quokkas
  7 ball pythons
  5 bats
  2 frilled lizards
  6 kobolds
  6 rats
97 creatures vanquished.

Notes
Turn   | Place    | Note
-------+----------+-------------------------------------------
     0 | D:1      | RascalDebosk the Hill Orc Fighter began the quest for the
                  | Orb.
     0 | D:1      | Reached XP level 1. HP: 19/19 MP: 1/1
   178 | D:1      | Found Galeph's Jewellery Boutique.
   231 | D:1      | Reached XP level 2. HP: 27/27 MP: 2/2
   507 | D:1      | Found a faded altar of an unknown god.
   684 | D:2      | Reached XP level 3. HP: 23/33 MP: 3/3
   890 | D:2      | Reached skill level 1 in Evocations
   926 | D:2      | Reached skill level 1 in Throwing
  1729 | D:3      | Reached XP level 4. HP: 40/40 MP: 4/4
  1857 | D:3      | Noticed Natasha
  1873 | D:3      | Killed Natasha
  1969 | D:3      | Identified the +4 sling "Pett" {venom, Drain Fragile rN+++
                  | Int+10}
  1985 | D:3      | Reached XP level 5. HP: 42/46 MP: 5/5
  2145 | D:3      | Noticed Natasha
  2149 | D:3      | Killed Natasha
  2154 | D:3      | Noticed Natasha
  2159 | D:3      | Killed Natasha
  2608 | D:4      | Noticed Sigmund
  2630 | D:4      | Killed Sigmund
  2631 | D:4      | Reached XP level 6. HP: 53/55 MP: 6/6
  2666 | D:4      | Noticed Pikel
  2683 | D:4      | Killed Pikel
  2684 | D:4      | Reached skill level 5 in Fighting
  2684 | D:4      | Reached skill level 5 in Axes
  2684 | D:4      | Reached skill level 5 in Armour
  2684 | D:4      | Reached XP level 7. HP: 32/62 MP: 7/7
  2684 | D:4      | Reached XP level 8. HP: 36/70 MP: 8/8
  3644 | D:5      | Entered Level 5 of the Dungeon
  3823 | D:1      | Bought an amulet of regeneration for 300 gold pieces
  4092 | D:5      | HP: 3/63 [wight/+0 halberd (11)]
  4093 | D:5      | Slain by a wight

Illustrated notes

Levels and vault maps discovered:
D:1:      dpeg_arrival_houses_and_road, layout_basic, serial_shops,
          nicolae_shop_trees, shapermc_ecumenical_altar_starsandcircs
D:2:      layout_loops_ring, minmay_misc_feat_square, kennysheep_potato
D:3:      cheibrodos_helix_gallery, layout_basic, minmay_misc_feat_rugged,
          minmay_joined_circles, uniq_natasha
D:4:      layout_basic, serial_co_window_serial, co_window_paths_a,
          co_window_of_opportunity_a, co_window_of_opportunity_a,
          co_window_corner_a, co_window_corner_a, co_window_broadway_c,
          co_window_broadway_c, co_window_unsneaky_path_d, co_window_corner_ca,
          co_window_4corner_b, glass_columns_b, uniq_pikel, uniq_sigmund
D:5:      layout_basic, minmay_temple_entry_statues_fountains, minivault_25,
          kennysheep_another_room, corexii_hall_statues_i, minmay_misc_feat_rows

Skill      XL: |  1  2  3  4  5  6  7  8 |
---------------+-------------------------+-----
Axes           | 3 4 5 6 |  6.5
Evocations     | 1 2 3 4 |  4.4
Throwing       | 1 2 3 |  3.9
Fighting       | 4 5 6 |  6.6
Shields        | 4 |  4.0
Armour         | 4 5 |  5.9

Action                   |  1- 3 |  4- 6 |  7- 9 || total
-------------------------+-------+-------+-------++-------
Melee: War axe           |    84 |   116 |    73 ||   273
Armor: Scale mail        |    48 |    35 |       ||    83
       Chain mail        |       |    33 |    46 ||    79
Dodge: Dodged            |    43 |    49 |    33 ||   125
Block: Buckler           |    22 |    31 |    21 ||    74
